 Dungeon Crawl Stone Soup version 0.28-a0-909-g796cbd3a86 (webtiles) character file.

Game seed: 4813963908320856466

40 BinkBink the Skirmisher (level 3, -4/29 HPs)
             Began as a Demonspawn Monk on Nov 25, 2021.
             Was a Priest of Yredelemnul.
             Killed by divine providence
             ... invoked by an orc priest
              (16 damage)
             ... on level 2 of the Dungeon.
             The game lasted 00:02:33 (1647 turns).

BinkBink the Skirmisher (Demonspawn Monk)           Turns: 1647, Time: 00:02:33

Health: -4/29      AC:  2    Str: 11    XL:     3   Next: 30%
Magic:  3/3        EV: 13    Int: 11    God:    Yredelemnul [***...]
Gold:   63         SH:  0    Dex: 16    Spells: 2/2 levels left

rFire   . . .      SeeInvis .   a - +0 short sword
rCold   . . .      Faith    .   (no shield)
rNeg    . . .      Spirit   .   b - +0 robe
rPois   .          Reflect  .   (helmet restricted)
rElec   .          Harm     .   (no cloak)
rCorr   .          Rampage  .   (no gloves)
Will    .....                   (no boots)
Stlth   ++........              (no amulet)
HPRegen 0.09/turn               (no ring)
MPRegen 0.08/turn               (no ring)

@: no status effects
A: horns 1, demonic guardian 1
a: Renounce Religion, Recall Undead Slaves, Injury Mirror, Animate Dead


You were on level 2 of the Dungeon.
You worshipped Yredelemnul.
Yredelemnul was most pleased with you.
You visited 1 branch of the dungeon, and saw 2 of its levels.

You collected 63 gold pieces.

Inventory:

Hand Weapons
 a - a +0 short sword (weapon)
Armour
 b - a +0 robe (worn)
Scrolls
 c - a scroll of identify {unknown}
 d - a scroll of enchant weapon {unknown}
 e - a scroll of teleportation {unknown}
Potions
 f - a potion of heal wounds {unknown}


   Skills:
 + Level 3.4 Fighting
 + Level 3.3 Short Blades
 + Level 3.1 Dodging
 - Level 1.7 Stealth


You had 2 spell levels left.
You didn't know any spells.
Your spell library contained the following spells:

 Spells                   Type           Power      Damage    Failure   Level
 Animate Armour           Summ/Erth      0%         N/A       98%         4
 Blade Hands              Tmut           0%         N/A       100%        5
 Iron Shot                Conj/Erth      0%         9d1       100%        6


Dungeon Overview and Level Annotations

Branches:
Dungeon (2/15)

Altars:
Yredelemnul

Shops:
D:1 *


Innate Abilities, Weirdness & Mutations

You have a pair of small horns on your head.
A weak demonic guardian rushes to your aid.


Message History

Your white imp disappears in a puff of smoke!
There is an open door here.
You close the door.
Something unseen opens the door.
There is a stone staircase leading up here.
You climb upwards.
There is a stone staircase leading down here.
HP restored.
Done exploring.
You climb downwards.
There is a stone staircase leading up here.
The orc hits you with a +0 dagger.
A demonic guardian appears!
The orc priest looks encouraged for a moment.
You barely miss the orc. You headbutt the orc.
The orc is heavily wounded.
The orc closely misses you.
You closely miss the orc.
The orc is heavily wounded.
The orc hits you with a +0 dagger.
You hit the orc.
You kill the orc!
Yredelemnul accepts your kill.
Your shadow imp hits the orc priest but does no damage.
The orc priest barely misses you.
Your shadow imp hits the orc priest but does no damage.
You hit the orc priest but do no damage.
You headbutt the orc priest, but do no damage.
The orc priest calls down the wrath of Beogh upon you.
Pain shoots through your body!
Your shadow imp barely misses the orc priest.
You hit the orc priest but do no damage.
Your headbutt misses the orc priest. The orc priest hits you with a +0 mace.
Your shadow imp hits the orc priest but does no damage.
You are too injured to fight recklessly!
You are too injured to fight recklessly!
The orc priest mumbles some strange prayers to Beogh against something.
Beogh smites you!
Ouch! That really hurt!
You die...
Your body rises from the dead as a mindless zombie.

##.....#
#...รท..#
#......#
##.##...#
##...##[.#
##8..58##.#
#(..o...#.#
#.>)8.>.#.#
#...@...#.#
##8.<.8##
##...##
#####


You could see an orc priest (ally target) and a friendly shadow imp (summoned).

Vanquished Creatures
  A worm (D:2)
  A dart slug (D:1)
  An orc (D:2)
  4 endoplasms (D:1)
  2 giant cockroaches (D:1)
  2 goblins
  2 hobgoblins (D:1)
  2 jackals (D:1)
  2 kobolds (D:1)
  A quokka (D:1)
  A ball python (D:1)
  3 bats
  A frilled lizard (D:2)
  2 rats (D:1)
25 creatures vanquished.

Vanquished Creatures (collateral kills)
  An orc (D:2)
  2 endoplasms (D:2)
  A ball python (D:2)
  A bat (D:2)
  A rat (D:2)
6 creatures vanquished.

Grand Total: 31 creatures vanquished

Notes
Turn   | Place    | Note
-------+----------+-------------------------------------------
     0 | D:1      | BinkBink the Demonspawn Monk began the quest for the Orb.
     0 | D:1      | Reached XP level 1. HP: 18/18 MP: 1/1
    83 | D:1      | Found Noetaoru's General Store.
   125 | D:1      | Gained mutation: You have a pair of small horns on your
                  | head. [demonic ancestry]
   125 | D:1      | Reached XP level 2. HP: 7/24 MP: 2/2
   426 | D:1      | Found a faded altar of an unknown god.
   450 | D:1      | Prayed at the altar of an unknown god.
   450 | D:1      | Became a worshipper of Yredelemnul the Dark
   450 | D:1      | Reached * piety under Yredelemnul
   450 | D:1      | Reached ** piety under Yredelemnul
  1180 | D:2      | Reached *** piety under Yredelemnul
  1200 | D:2      | Gained mutation: A weak demonic guardian rushes to your
                  | aid. [demonic ancestry]
  1200 | D:2      | Reached XP level 3. HP: 20/29 MP: 3/3
  1647 | D:2      | Killed from afar by an orc priest

Illustrated notes

Levels and vault maps discovered:
D:1:      evilmike_arrival_crescent, layout_rooms, serial_shops, shop_statue,
          shapermc_ecumenical_altar_notcrosses, amethyst_killhole,
          glass_columns_a
D:2:      layout_basic, grunt_ministairs_7, uniq_natasha, uniq_sigmund

Skill      XL: |  1  2 |
---------------+-------+-----
Short Blades   | 3 |  3.3
Dodging        | 3 |  3.1
Fighting       | |  3.4
Stealth        | |  1.7

Action                   || total
-------------------------++-------
Melee: Short sword       ||    91
       Headbutt          ||    12
 Stab: Sleeping          ||     7
Armor: Robe              ||    10
Dodge: Dodged            ||    60

Table legend: (Time is in decaauts)
 A = Elapsed time spent in this place.
 B = Non-inter-level travel time spent in this place.
 C = Inter-level travel time spent in this place.
 D = Time resting spent in this place.
 E = Time spent auto-exploring this place.
 F = Levels seen in this place.
 G = Mean time per level.
                   A        B        C        D        E       F      G
               +--------+--------+--------+--------+--------+-----+--------+
         Total |   1643 |   1595 |     48 |      0 |   1356 |   2 |  821.5 |
       Dungeon |   1643 |   1595 |     48 |      0 |   1356 |   2 |  821.5 |
               +--------+--------+--------+--------+--------+-----+--------+

Top non-repeatable levels by time:
     D:1: 1340 daAuts
     D:2: 303 daAuts
